[Event "*** Titled Tuesday Blitz"]
[Site "Chess.com"]
[Date "2020.10.20"]
[Round "4"]
[White "TudorAnton"]
[Black "Aleksandar-Topalov"]
[Result "1-0"]
[WhiteElo "2478"]
[BlackElo "2334"]
[TimeControl "180+1"]
[EndTime "10:41:57 PDT"]
[Termination "TudorAnton won by resignation"]

1. d4 Nf6 2. Nf3 c5 3. e3 b6 4. Bd3 Bb7 5. O-O e6 6. b3 Be7 7. Bb2 cxd4 8. exd4 O-O 9. Nbd2 d6 10. Re1 Nbd7 11.
a4 a6 12. Ne4 Nxe4 13. Bxe4 Bxe4 14. Rxe4 d5 15. Re3 b5 16. Ba3 Rc8 17. Bxe7 Qxe7 18.
axb5 axb5 19. Ra7 Qd6 20. g3 Rc7 21. Rxc7 Qxc7 22. Qd2 Rc8 23. Ne1 Nf6 24. f3 Qb6 25. Kg2 h6 26. h3 Ne8 27. Qb4 Qc6 28. Re2 Nd6 29. Nd3 Nf5 30. g4 Nh4+ 31. Kg3 g5 32. Ne5 Qc3 33. Qxc3 Rxc3 34. Nd3 Kf8 35. f4 Ke7 36.
fxg5 hxg5 37. Kf2 f6 38. Ke3 Kd6 39. Kd2 Rc8 40. Rf2 Ke7 41. Rf1 Ng6 42. Ra1 Rh8 43. Ra7+ Kd6 44. Ra6+ Ke7 45. Nc5 Nf8 46. Ra7+ Ke8 47.
Nb7 Kf7 48. Nd6+ Kg6 49. Ra8 Kg7 50. Nxb5 Rxh3 51. Nd6 Ng6 52. Ra7+ Kg8 53. Ne8 f5 54. Rg7+ Kf8 55. Rxg6 Kxe8 56. Rxe6+ Kd7 57. gxf5 g4 58. Rg6 g3 59. b4 Rh2+ 60. Kc3 g2 61. b5 Kc7 62.
Kb4 Kb7 63. Kc5 Kc8 64. Kxd5 Kb8 65. c4 Kc8 66. c5 Kb8 67. c6 Kc7 68. Kc5 1-0

[Event "*** Titled Tuesday Blitz"]
[Site "Chess.com"]
[Date "2020.10.20"]
[Round "4"]
[White "mshuaau0"]
[Black "pfalcon1949"]
[Result "1-0"]
[WhiteElo "2225"]
[BlackElo "1983"]
[TimeControl "180+1"]
[EndTime "10:41:57 PDT"]
[Termination "mshuaau0 won on time"]

1. e4 c6 2. Nf3 d5 3. Nc3 Bg4 4.
exd5 cxd5 5. d4 Nc6 6. Be3 e6 7. h3 Bh5 8. Bb5 Bd6 9. O-O Ne7 10. a3 O-O 11. Be2 a6 12. Qd2 Rb8 13. Bf4 f6 14. Bxd6 Qxd6 15. Rad1 b5 16. b4 Nc8 17. Rfe1 Nb6 18.
g4 Bf7 19. Qe3 Rbc8 20. Nb1 Ne7 21. Bd3 Rfe8 22. Nbd2 Ng6 23. Nb3 Nf4 24. Nh4 g5 25. Ng2 Nc4 26. Bxc4 bxc4 27. Nc5 e5 28. Nxf4 gxf4 29.
Qc3 e4 30. f3 e3 31. Re2 h5 32. Kh2 Kh8 33. Rg1 Rg8 34. Qe1 Rg5 35. Qh4 Rcg8 36. c3 Bg6 37. gxh5 Bd3 38. Reg2 Rxg2+ 39. Rxg2 Rxg2+ 40. Kxg2 Qf8 41. Nd7 Qg7+ 42. Kh2 Qxd7 43. Qxf6+ Qg7 44. Qxf4 e2 45. Qe3 Qc7+ 46. Kg2 Qg7+ 47.
Kf2 1-0

[Event "*** Titled Tuesday Blitz"]
[Site "Chess.com"]
[Date "2020.10.20"]
[Round "4"]
[White "Barmen_EV"]
[Black "Durarbayli"]
[Result "0-1"]
[WhiteElo "2510"]
[BlackElo "2780"]
[TimeControl "180+1"]
[EndTime "10:41:58 PDT"]
[Termination "Durarbayli won by checkmate"]

1. d4 Nf6 2. c4 e6 3. Nc3 Bb4 4. e3 O-O 5. a3 Bxc3+ 6. bxc3 b6 7. Bd3 Ba6 8. Ne2 Nc6 9. O-O Na5 10. e4 Ne8 11. Ng3 Bxc4 12. f4 Bxd3 13. Qxd3 Nb3 14. Rb1 Nxc1 15. Rbxc1 d5 16. e5 g6 17. Rf3 Ng7 18.
Rcf1 c5 19. Ne2 h5 20. h3 h4 21. Kh2 Rc8 22. R3f2 Nf5 23. Ng1 cxd4 24. cxd4 Rc4 25. Nf3 Qe7 26. Rd1 Rfc8 27. Qe2 Qxa3 28. Qe1 Rc2 29. Rxc2 Rxc2 30. Nxh4 Qb2 31. Kh1 Re2 32. Qf1 Ng3+ 33. Kh2 Nxf1+ 34. Rxf1 Qxd4 35. Nf3 Qxf4+ 36. Kh1 Qg3 37. Rg1 a5 38. Nd4 Rxe5 39. Nf3 Re3 40. Rf1 a4 41. Nd2 a3 42. Nf3 b5 43. Ra1 b4 44. Rc1 Kg7 45. Rc8 Rxf3 46. Rc1 Rf2 47. Rg1 a2 48. h4 b3 49. Rf1 b2 50. Kg1 Qxg2# 0-1

[Event "*** Titled Tuesday Blitz"]
[Site "Chess.com"]
[Date "2020.10.20"]
[Round "4"]
[White "K_A_S_T_O_R"]
[Black "Semetey"]
[Result "1-0"]
[WhiteElo "2823"]
[BlackElo "2524"]
[TimeControl "180+1"]
[EndTime "10:42:00 PDT"]
[Termination "K_A_S_T_O_R won by checkmate"]

1. e4 e5 2. Nf3 Nc6 3. Bb5 a6 4. Ba4 Nf6 5. O-O Be7 6. Re1 b5 7. Bb3 O-O 8. a4 Rb8 9. axb5 axb5 10. d3 d6 11. c3 Bg4 12. h3 Bh5 13. Nbd2 Nd7 14.
Bd5 Rb6 15. Nb3 Qc8 16. Be3 Ra6 17. g4 Bg6 18. Nbd2 Nd8 19. Rxa6 Qxa6 20. Qa1 Qc8 21. Kh2 c6 22. Bb3 Ne6 23. d4 c5 24. Bxe6 fxe6 25.
dxe5 Nxe5 26. Nxe5 dxe5 27. Qa7 Rf7 28. Qb6 Qd7 29.
Kg1 c4 30. Ra1 Rf8 31. Ra7 Qd6 32. Qxb5 Bh4 33. Rd7 Qb8 34. Qxb8 Rxb8 35. Nf3 Bf6 36. g5 Bd8 37. Nd2 Bb6 38. Bxb6 Rxb6 39. Nxc4 Rb8 40.
f3 Bh5 41. Kf2 Be8 42. Rc7 Bb5 43. Nxe5 Ba4 44. b4 Rd8 45. Ke3 h6 46. g6 Be8 47.
h4 Kf8 48. h5 Rd1 49. c4 Rb1 50. b5 Rb3+ 51. Kf4 Rb1 52. Rb7 Rh1 53. c5 Rxh5 54. c6 Rh4+ 55. Ke3 Rh1 56. c7 Rc1 57.
b6 Ke7 58. c8=Q+ Kf6 59. Qd8+ Kxe5 60. f4# 1-0

[Event "*** Titled Tuesday Blitz"]
[Site "Chess.com"]
[Date "2020.10.20"]
[Round "4"]
[White "GothamChess"]
[Black "Sergey85Rodchenkov"]
[Result "1-0"]
[WhiteElo "2619"]
[BlackElo "2419"]
[TimeControl "180+1"]
[EndTime "10:42:00 PDT"]
[Termination "GothamChess won by resignation"]

1. d4 Nf6 2. Bg5 c5 3. d5 d6 4.
Nc3 h6 5. Bxf6 exf6 6. h4 h5 7. e4 f5 8. Bb5+ Bd7 9. exf5 Be7 10. Nf3 O-O 11. Bd3 Na6 12. Ng5 Bxg5 13. hxg5 Qxg5 14. Qxh5 Rfe8+ 15. Kf1 Qxh5 16. Rxh5 Nb4 17. Be4 b5 18. f3 f6 19. Ne2 Kf7 20. Kf2 Rh8 21. Rxh8 Rxh8 22. a3 Na6 23. Nf4 c4 24. Ne6 Nc5 25.
Nxc5 dxc5 26. d6 Rd8 27. Rd1 a5 28. Bd5+ Kf8 29. Be6 Bc6 30. Ke3 Re8 31. Kf4 g5+ 32. Ke3 Bd7 33. Kf2 Rd8 34. g3 Bc6 35. Ke3 Re8 36.
c3 Rd8 37. g4 Kg7 38. f4 Kh6 39. d7 gxf4+ 40. Kxf4 Kg7 41. Rd6 Bg2 42. g5 Bf1 43. Bd5 fxg5+ 44. Kxg5 Bd3 45. f6+ Kf8 46. Be6 b4 47.
Rc6 bxa3 48. bxa3 Be4 49. Rc8 1-0

[Event "*** Titled Tuesday Blitz"]
[Site "Chess.com"]
[Date "2020.10.20"]
[Round "4"]
[White "rugbyclub"]
[Black "Sjakkerntobi"]
[Result "0-1"]
[WhiteElo "2196"]
[BlackElo "2414"]
[TimeControl "180+1"]
[EndTime "10:42:00 PDT"]
[Termination "Sjakkerntobi won by resignation"]

1. e4 e6 2. d4 d5 3. Nd2 a6 4.
Ngf3 Nf6 5. e5 Nfd7 6. Bd3 c5 7. c3 Nc6 8. O-O g5 9. b4 cxd4 10.
cxd4 g4 11. Ne1 h5 12. Nb3 Nxb4 13. f4 Nxd3 14. Nxd3 Qb6 15. f5 Bg7 16. fxe6 fxe6 17. Kh1 Nf8 18. Nbc5 Bd7 19. Bg5 Bb5 20. Rb1 Qc6 21. Qe2 Nd7 22. a4 Bxd3 23. Nxd3 b6 24. a5 b5 25. Rfc1 Qb7 26. Nc5 Nxc5 27. Rxc5 Rc8 28.
Rbc1 Rxc5 29. Rxc5 Kd7 30. Qc2 Rc8 31. Qg6 Rxc5 32. dxc5 Kc6 33. Qxe6+ Kxc5 34. h3 Qc7 35. Be3+ Kb4 36. Qxd5 Bxe5 37. Bd2+ Ka3 38. Qd3+ Ka4 39. hxg4 hxg4 40. Kg1 b4 41. Qd5 Bc3 42. Qa2+ Kb5 43. Qd5+ Ka4 44. Qa2+ Kb5 45. Qd5+ Qc5+ 46. Qxc5+ Kxc5 47. Be3+ Kc4 48. Bb6 b3 49. Kf2 b2 0-1

[Event "*** Titled Tuesday Blitz"]
[Site "Chess.com"]
[Date "2020.10.20"]
[Round "4"]
[White "yobdc"]
[Black "lacafi"]
[Result "0-1"]
[WhiteElo "2336"]
[BlackElo "2133"]
[TimeControl "180+1"]
[EndTime "10:42:00 PDT"]
[Termination "lacafi won by resignation"]

1. d4 f5 2. Nc3 Nf6 3. Bg5 g6 4.
Bxf6 exf6 5. h4 d5 6. h5 Bg7 7. e3 c6 8. Nge2 Be6 9. Nf4 Bf7 10.
Bd3 Nd7 11. g4 g5 12. h6 Bf8 13. Nh5 Bxh5 14. Rxh5 fxg4 15. Qxg4 Qe7 16. O-O-O O-O-O 17. Ne2 Kb8 18. Ng3 Nb6 19. Nf5 Qf7 20. Rhh1 Nc8 21. Kb1 Nd6 22. Rc1 Qd7 23. c4 dxc4 24.
Rxc4 Nxc4 25. Bxc4 Bd6 26. e4 Bc7 27. a3 Rhe8 28.
f3 Bb6 29. Rd1 Qc7 30. Ka2 Ka8 31. Bb3 a5 32. Qg2 Qf4 33. d5 cxd5 34. Bxd5 Re5 35.
Qc2 Qxf3 36. Rd3 Qh1 37. Rb3 Rexd5 38. exd5 Qxd5 39. Ne7 Qe6 40. a4 Ka7 41. Qxh7 Rd7 42. Qf5 Rxe7 43. Qxe6 Rxe6 44. h7 Re8 45. Rh3 Rh8 46.
Rh6 Bd4 47. Kb3 Kb6 48. Kc4 Be5 49. Kd5 g4 50. Ke6 g3 51. Kf7 g2 52. Kg7 Rxh7+ 53.
Kxh7 g1=Q 0-1

[Event "*** Titled Tuesday Blitz"]
[Site "Chess.com"]
[Date "2020.10.20"]
[Round "4"]
[White "abhidabhi"]
[Black "Gogolev_Artemy"]
[Result "1-0"]
[WhiteElo "2807"]
[BlackElo "2513"]
[TimeControl "180+1"]
[EndTime "10:42:01 PDT"]
[Termination "abhidabhi won on time"]

1. e4 c6 2. d4 d5 3. Nd2 dxe4 4. Nxe4 Bf5 5. Ng3 Bg6 6. h4 h6 7. Nf3 Nd7 8. h5 Bh7 9. Bd3 Bxd3 10. Qxd3 Ngf6 11.
Bd2 e6 12. O-O-O Be7 13. Ne4 Nxe4 14. Qxe4 Nf6 15. Qe2 Qd5 16. Kb1 Qe4 17. Be3 O-O 18. Ne5 Nd5 19. Rh3 Rad8 20. Rg3 Nxe3 21. Rxe3 Qd5 22.
c4 Qa5 23. f4 Bf6 24. g4 c5 25. d5 exd5 26. cxd5 Bxe5 27. fxe5 Rfe8 28. d6 c4 29. e6 fxe6 30. Rxe6 Rxe6 31. Qxe6+ Kh7 32. Qxc4 Qg5 33. Qe4+ Kh8 34. d7 Qf6 35. a3 a5 36.
Qe8+ Kh7 37. Re1 a4 38. Ka2 Qb6 39. Qe4+ Kh8 40. Ka1 Qc7 41. Qe8+ Kh7 42. Rd1 Qc2 43. Qe1 1-0

[Event "*** Titled Tuesday Blitz"]
[Site "Chess.com"]
[Date "2020.10.20"]
[Round "4"]
[White "barbara25"]
[Black "Berardino"]
[Result "0-1"]
[WhiteElo "2280"]
[BlackElo "2588"]
[TimeControl "180+1"]
[EndTime "10:42:01 PDT"]
[Termination "Berardino won by resignation"]

1. e4 c5 2. Nf3 b6 3. Nc3 Bb7 4. d4 cxd4 5. Nxd4 Nf6 6. f3 e6 7. Be3 Bc5 8. Qd2 O-O 9. O-O-O d5 10. e5 Nfd7 11. f4 Qe7 12. Kb1 f6 13. exf6 Nxf6 14. g4 Bb4 15. Bd3 Nc6 16. g5 Ne4 17. Bxe4 dxe4 18. Nxc6 Bxc6 19. h4 Rac8 20. h5 Ba8 21.
h6 g6 22. Qd7 Rf7 23. Qxe7 Rxe7 24. Bd4 Rd7 25. Be5 Rcd8 26. Rxd7 Rxd7 27. Re1 Bc5 28.
a3 Bf2 29. Re2 e3 30. Kc1 Bf3 31. b4 Rd8 32. Bf6 Rc8 33. Kd1 Kf7 34. Nb5 Bxe2+ 35. Kxe2 Rxc2+ 36. Kd1 Rd2+ 37. Kc1 Rd5 38. Nc3 Be1 39.
Nxd5 exd5 40. Kd1 Bg3 41. Be5 Ke6 42. Ke2 d4 43. Bxd4 Bxf4 44. Bxe3 Bxe3 45. Kxe3 Kf5 46. Kd4 Kxg5 47. Kd5 Kxh6 48. Kc6 g5 49. Kb7 g4 50.
Kxa7 g3 51. Kxb6 g2 52. a4 g1=Q+ 53. Ka6 Qd4 54. Kb5 Kg6 55. a5 h5 56. a6 h4 57. Kc6 h3 58. a7 Qxa7 0-1

[Event "*** Titled Tuesday Blitz"]
[Site "Chess.com"]
[Date "2020.10.20"]
[Round "4"]
[White "capatl"]
[Black "AttractiveMustard"]
[Result "0-1"]
[WhiteElo "2527"]
[BlackElo "2360"]
[TimeControl "180+1"]
[EndTime "10:42:01 PDT"]
[Termination "AttractiveMustard won by checkmate"]

1. c4 Nf6 2. Nc3 g6 3. g3 Bg7 4. Bg2 O-O 5. Nf3 d6 6. O-O e5 7. d3 Re8 8. Rb1 a5 9. a3 c6 10. b4 axb4 11. axb4 d5 12. cxd5 cxd5 13. Qb3 d4 14.
Nb5 Be6 15. Qc2 Nc6 16. Ng5 Bd5 17. Ne4 Nxe4 18. Bxe4 Ra2 19. Rb2 Nxb4 20. Rxa2 Nxc2 21. Rxc2 Bxe4 22. dxe4 d3 23. exd3 Qxd3 24. Rb2 Rd8 25. Bg5 f6 26. Rd2 Qxd2 27. Bxd2 Rxd2 28. Rb1 Bf8 29. Nc3 Bc5 30. Rxb7 Rxf2 31. Kh1 Rf1+ 32. Kg2 Rf2+ 33. Kh3 f5 34. Nd5 fxe4 35. Rc7 Bd4 36. Ne7+ Kf7 37. Nd5+ Ke6 38. Nb4 Rb2 39. Rb7 Kf5 40.
Rf7+ Ke6 41. Rb7 h5 42. Nc6 Rxb7 43. Nd8+ Kd7 44. Nxb7 e3 45. Na5 e2 46. Nc4 e1=Q 47.
Nxe5+ Bxe5 48. g4 Qf1+ 49. Kh4 Bf6+ 50. g5 Qf4+ 51. Kh3 Qf3+ 52. Kh4 Qg4# 0-1

[Event "*** Titled Tuesday Blitz"]
[Site "Chess.com"]
[Date "2020.10.20"]
[Round "4"]
[White "Buffy7"]
[Black "Smirnov_Pavel"]
[Result "0-1"]
[WhiteElo "2659"]
[BlackElo "2879"]
[TimeControl "180+1"]
[EndTime "10:42:02 PDT"]
[Termination "Smirnov_Pavel won by checkmate"]

1. c4 e6 2. d4 d5 3. Nc3 c6 4. e4 dxe4 5. Nxe4 Bb4+ 6. Bd2 Qxd4 7. Bxb4 Qxe4+ 8. Be2 Na6 9. Bc3 Ne7 10. Nf3 O-O 11. O-O Ng6 12. Re1 Qf4 13. b4 Qc7 14. Qc2 Bd7 15. Bd3 c5 16. a3 Rad8 17. b5 Nb8 18. h4 Rfe8 19. h5 Nf8 20. h6 gxh6 21. Qc1 e5 22.
Bxe5 Qb6 23. Bb2 Rxe1+ 24. Qxe1 Ng6 25. Qc3 f6 26. Re1 Rf8 27. Be4 Be6 28. Qd3 Bf7 29. Bd5 Bxd5 30. Qxd5+ Kg7 31. Re6 Qc7 32. Qf5 Qf7 33. g4 Nd7 34. g5 hxg5 35. Nxg5 Qg8 36. Rd6 Nde5 37. Ne6+ Kh8 38. Kf1 Nh4 39. Qxe5 Qg2+ 40.
Ke2 Qf3+ 41. Kd2 fxe5 42. Bxe5+ Kg8 43. Rd7 Qxf2+ 44. Kc1 Qe1+ 45. Kb2 Qxe5+ 46. Kb3 Qxe6 47. Rxb7 Qe3+ 48. Ka4 Qd4 49. Ka5 Qxc4 50. a4 Qb4+ 51. Ka6 Qxa4# 0-1

[Event "*** Titled Tuesday Blitz"]
[Site "Chess.com"]
[Date "2020.10.20"]
[Round "4"]
[White "ItsCheckM8Mate"]
[Black "Savagelittlemole"]
[Result "0-1"]
[WhiteElo "2363"]
[BlackElo "2617"]
[TimeControl "180+1"]
[EndTime "10:42:02 PDT"]
[Termination "Savagelittlemole won on time"]

1. e4 c5 2. Nf3 d6 3. d4 cxd4 4. Nxd4 Nf6 5. Nc3 a6 6. h3 e5 7. Nb3 b5 8. g4 b4 9. Nd5 Nxd5 10. Qxd5 Ra7 11. Be3 Be6 12. Qd2 Rd7 13. Bg2 Be7 14. O-O O-O 15. Rad1 Nc6 16. f4 exf4 17.
Bxf4 Ne5 18. Nd4 Qb6 19. Kh1 Bc4 20. Rfe1 Bh4 21. Re3 Ng6 22. Rf3 Bf6 23. Be3 Ne5 24. Rxf6 gxf6 25. Nf5 Qd8 26. Bh6 Be6 27. Bxf8 Qxf8 28.
Qxb4 Bxf5 29. exf5 Qd8 30. c4 Qc7 31. b3 Kg7 32.
Rd5 Qa7 33. Qd2 Qc7 34. g5 Qd8 35. h4 Qe7 36. Qf4 Kh8 37. Qg3 Nc6 38. Rd3 Ne5 39.
Re3 Qd8 40. Bd5 Qe7 41. Re1 Qd8 42. Rg1 fxg5 43. hxg5 Re7 44. f6 Re8 45. Qh4 Rg8 46. Rg2 Ng6 47. Qh6 Qe8 48. Rg1 Qe2 49. Bxf7 Qf3+ 50. Rg2 Nf4 0-1

[Event "*** Titled Tuesday Blitz"]
[Site "Chess.com"]
[Date "2020.10.20"]
[Round "4"]
[White "GameOverBro"]
[Black "GAusal"]
[Result "0-1"]
[WhiteElo "2529"]
[BlackElo "2048"]
[TimeControl "180+1"]
[EndTime "10:42:02 PDT"]
[Termination "GAusal won by resignation"]

1. e4 c5 2. Ne2 d6 3. g3 g6 4. Bg2 Bg7 5. c3 e6 6. O-O Ne7 7. d4 cxd4 8. cxd4 Nbc6 9. Nbc3 O-O 10. Be3 a6 11. Qd2 Bd7 12. Rfc1 d5 13. exd5 Nxd5 14. Nxd5 exd5 15. Bxd5 Bh3 16. Bh1 Re8 17. Nf4 Bg4 18. h3 Bf5 19. d5 Ne5 20. g4 Bxg4 21. hxg4 Nxg4 22. Bf3 Nxe3 23. fxe3 Qh4 24. Bg2 Re5 25. Re1 Rae8 26. Qf2 Qg4 27. Qf3 Qg5 28. d6 h5 29.
d7 Rd8 30. Rad1 Qe7 31. Nd5 Qe6 32. Bh3 f5 33. Bg2 Rxd7 34. Nf4 Rxd1 35. Nxe6 Rxe1+ 36. Kf2 R5xe3 37. Qxe3 Rxe3 38. Kxe3 Bxb2 39. Bxb7 a5 40. Bd5 h4 41. Ng5+ Kg7 42. Kf3 Bc1 43. Ne6+ Kf6 44. Nc5 g5 45. Nb3 g4+ 46. Kg2 Be3 47. Nxa5 Ke5 48. Bb7 h3+ 49. Kh1 g3 50. a4 f4 51.
Nc4+ Kd4 52. Nxe3 Kxe3 53. a5 f3 54. a6 f2 55. Bg2 Ke2 56. Bxh3 f1=Q+ 57. Bxf1+ Kxf1 58. a7 g2+ 59. Kh2 g1=Q+ 60. Kh3 Qxa7 61. Kh2 Qa4 62.
Kh1 Qa3 63. Kh2 Qb2+ 64. Kh1 Qb1 65. Kh2 Ke2 66. Kg2 Ke3 0-1

[Event "*** Titled Tuesday Blitz"]
[Site "Chess.com"]
[Date "2020.10.20"]
[Round "4"]
[White "MasterSonnevanck23"]
[Black "Azatic"]
[Result "0-1"]
[WhiteElo "2345"]
[BlackElo "2563"]
[TimeControl "180+1"]
[EndTime "10:42:02 PDT"]
[Termination "Azatic won on time"]

1. Nf3 c6 2. c4 g6 3. Nc3 Bg7 4.
d4 d6 5. e4 Nd7 6. Be2 Ngf6 7.
O-O O-O 8. Be3 e5 9. Qd2 Re8 10. d5 Nc5 11. Qc2 cxd5 12. cxd5 Nh5 13. Rfe1 Nf4 14.
Bf1 Bg4 15. Nd2 Rc8 16. Nc4 a6 17. a4 Qf6 18. a5 Qg5 19. Nb6 Rc7 20. Nca4 Bf3 21.
g3 Bxe4 22. Qc1 Qg4 23. Nxc5 Qf3 24. Nxe4 Rxc1 25. Raxc1 Qxe4 26. Bxf4 Qb4 27. Be3 Qxa5 28. Nc4 Qb4 29. Bd2 Qc5 30. Nxe5 Qxd5 31. Nc4 Rxe1 32.
Bxe1 h5 33. Ne3 Qe6 34. Bc4 Qe4 35. Bd5 Qa4 36. Rc7 Qa1 37. Kf1 Bxb2 38. Rxf7 Kh8 39. Rc7 a5 40. Nc2 Qd1 41. Be4 a4 42. Rxb7 Bc3 43.
Kg2 Bxe1 44. Nxe1 Qxe1 45. Bxg6 a3 46. Ra7 Qb4 47. Bxh5 Kg8 48. Bf3 Kf8 49. Bd5 Qc5 0-1

[Event "*** Titled Tuesday Blitz"]
[Site "Chess.com"]
[Date "2020.10.20"]
[Round "4"]
[White "MarkoPe"]
[Black "SHIVACalypso"]
[Result "1-0"]
[WhiteElo "2152"]
[BlackElo "2322"]
[TimeControl "180+1"]
[EndTime "10:42:03 PDT"]
[Termination "MarkoPe won by resignation"]

1. c4 Nf6 2. Nc3 e6 3. e4 c5 4. g3 Nc6 5. Bg2 d6 6. Nge2 Be7 7. O-O O-O 8. f4 a6 9. d3 Rb8 10. a4 Ne8 11. h3 Nc7 12. Be3 Bd7 13. Kh2 b5 14. axb5 axb5 15. b3 bxc4 16. bxc4 e5 17.
f5 Nd4 18. Ra7 Ra8 19. Rxa8 Qxa8 20. g4 Qa3 21. g5 Rb8 22. f6 Bf8 23. Nd5 Nxd5 24.
exd5 Rb2 25. Rf2 Qa2 26. Nxd4 Rxf2 27. Bxf2 Qxf2 28. Nf3 Qe3 29. Qb1 Qf4+ 30. Kg1 gxf6 31. gxf6 Qxf6 32. Nd2 Qf4 33. Ne4 Qe3+ 34. Kh1 Bf5 35.
Kh2 Qf4+ 36. Kh1 h5 37. Qe1 h4 38. Qe2 Bh6 39. Nxd6 Qc1+ 40. Bf1 Bg6 41. Ne4 Qf4 42.
Nxc5 Qg3 43. Ne4 Bxe4+ 44. dxe4 Bf4 45. c5 Qc3 46. c6 Qc5 47. Qc4 Qd6 48. c7 Qb6 49.
c8=Q+ Kg7 50. Qg4+ Kf6 51. Qc6+ Qxc6 52. dxc6 1-0

[Event "*** Titled Tuesday Blitz"]
[Site "Chess.com"]
[Date "2020.10.20"]
[Round "4"]
[White "Rozum_Ivan"]
[Black "dragos420"]
[Result "1-0"]
[WhiteElo "2735"]
[BlackElo "2498"]
[TimeControl "180+1"]
[EndTime "10:42:04 PDT"]
[Termination "Rozum_Ivan won on time"]

1. c4 e5 2. Nc3 Nf6 3. g3 c6 4.
Nf3 e4 5. Nd4 d5 6. cxd5 cxd5 7.
d3 Bc5 8. Nb3 Bb4 9. dxe4 Nxe4 10. Bd2 Nxd2 11. Qxd2 O-O 12. Bg2 Be6 13. O-O Nc6 14.
Rfd1 Qf6 15. Nxd5 Bxd5 16. Qxd5 Qxb2 17. Qb5 Rab8 18. Rdb1 Qf6 19. e3 Bc3 20. Nc5 Bxa1 21. Nd7 Qd8 22. Nxb8 Nxb8 23. Rxa1 b6 24. Rc1 Qd2 25.
Qc4 Nd7 26. Qc2 Qxc2 27. Rxc2 Nc5 28. Rd2 Rc8 29. Bh3 Rb8 30. Bf5 g6 31. Bc2 Kf8 32.
Rd4 Rc8 33. Kf1 Ke7 34. Ke2 h5 35. Rc4 Rd8 36. e4 Ne6 37. Ke3 Rd7 38. Bb3 Rc7 39. Rb4 Nc5 40. Bd5 Nd7 41. Ra4 Nc5 42. Ra3 f6 43. f4 Kd6 44. Kd4 Re7 45. Rc3 Rd7 46. h4 Re7 47. Rc2 Re8 48. Re2 Re7 49. e5+ fxe5+ 50.
fxe5+ Kd7 51. Rf2 Ne6+ 52. Bxe6+ Rxe6 53. Kd5 Re7 54. Rf6 1-0

[Event "*** Titled Tuesday Blitz"]
[Site "Chess.com"]
[Date "2020.10.20"]
[Round "4"]
[White "RasSanti"]
[Black "As0nchess"]
[Result "0-1"]
[WhiteElo "2286"]
[BlackElo "2603"]
[TimeControl "180+1"]
[EndTime "10:42:04 PDT"]
[Termination "As0nchess won by resignation"]

1. d4 Nf6 2. Bg5 Ne4 3. Bf4 d5 4. e3 c5 5. c3 Nc6 6. Nd2 Nf6 7. Ngf3 Qb6 8. Rb1 Bf5 9. Rc1 cxd4 10. Nxd4 Nxd4 11.
exd4 Qxb2 12. a4 a6 13. Be2 e6 14. O-O Be7 15. Nb3 O-O 16. Nc5 Bxc5 17. dxc5 Rfc8 18. Be3 Ne4 19. Rb1 Qxc3 20. Rxb7 Nxc5 21. Bxc5 Qxc5 22. Bd3 Bxd3 23. Qxd3 Rc7 24. Rb3 Qc4 25. Qg3 h6 26. Rf3 Rac8 27. a5 d4 28. h3 Rd7 29. Rd1 Rcd8 30.
Rdd3 Qc1+ 31. Kh2 Qc7 32. Rf4 e5 33. Rg4 f6 34. f4 e4 35. Rd1 d3 36. Qe3 f5 37.
Rg6 Rd6 38. Rxd6 Qxd6 39. g4 Rf8 40. gxf5 Rxf5 41. Kg3 g5 42. Qxe4 Rxf4 43. Qe8+ Kg7 44. Kg2 d2 45. Qe3 Qd5+ 46. Kg3 Qd6 47. Kg2 Rd4 48.
Qc3 Kg6 49. Qc2+ Kh5 50. Qc3 Qd5+ 51. Qf3+ Qxf3+ 52. Kxf3 Kh4 53. Ke2 Kxh3 54. Rxd2 Rxd2+ 55. Kxd2 g4 0-1

[Event "*** Titled Tuesday Blitz"]
[Site "Chess.com"]
[Date "2020.10.20"]
[Round "4"]
[White "Rakesh"]
[Black "Gabrielian_Artur"]
[Result "0-1"]
[WhiteElo "2455"]
[BlackElo "2773"]
[TimeControl "180+1"]
[EndTime "10:42:04 PDT"]
[Termination "Gabrielian_Artur won on time"]

1. e4 c5 2. c3 d6 3. d4 Nf6 4.
Bd3 Qc7 5. Nf3 g6 6. h3 Bg7 7. O-O O-O 8. Be3 b6 9. Qe2 Bb7 10. Nbd2 a6 11. Rad1 b5 12. Rfe1 e5 13. d5 c4 14. Bb1 Nbd7 15. Nf1 Nc5 16. Ng3 a5 17. Ng5 h6 18. Nf3 Ba6 19. Qd2 Kh7 20. Nh4 b4 21. f4 Nd3 22. Rf1 bxc3 23. bxc3 exf4 24. Bxf4 Rab8 25.
Bxd3 cxd3 26. Ngf5 gxf5 27. Nxf5 Nxe4 28. Qe1 Rbe8 29.
Qh4 Qd8 30. Qg4 Rg8 31. Nxg7 Rxg7 32. Qf5+ Kg8 33. Bxh6 Ng3 34. Qf3 Nxf1 35. Bxg7 Kxg7 36. Rxf1 Qe7 37. Qg4+ Kf8 38. Qh5 Qe3+ 39. Kh1 Ke7 40. Rxf7+ Kd8 41. Qh4+ Re7 42. Rf8+ Kc7 43. Qg4 d2 44.
Qa4 Qe1+ 45. Kh2 Qe5+ 46. Kh1 Qxc3 47. Kh2 Qc5 48. Kh1 Re1+ 49. Kh2 Qg1+ 50. Kg3 Qe3+ 51. Kh2 Qe5+ 0-1

[Event "*** Titled Tuesday Blitz"]
[Site "Chess.com"]
[Date "2020.10.20"]
[Round "4"]
[White "Brave_spirit12"]
[Black "akanga001"]
[Result "1-0"]
[WhiteElo "2476"]
[BlackElo "1878"]
[TimeControl "180+1"]
[EndTime "10:42:05 PDT"]
[Termination "Brave_spirit12 won by checkmate"]

1. e4 c6 2. Nc3 d5 3. Nf3 Bg4 4. h3 Bxf3 5. Qxf3 e6 6. d4 dxe4 7. Nxe4 Qxd4 8. Bd3 Nf6 9. c3 Qd8 10. Bg5 Be7 11. O-O Nxe4 12. Bxe7 Qxe7 13. Qxe4 Nd7 14.
b4 Nf6 15. Qf3 O-O 16. Rad1 Rfd8 17. Rfe1 Rd7 18. b5 Nd5 19. c4 Nb4 20. bxc6 Nxc6 21. Be4 Na5 22. Qh5 f5 23. Bxf5 g6 24. Bxe6+ Qxe6 25. Rxe6 gxh5 26. Rxd7 Nc6 27. Rxb7 Rc8 28. Rb5 Nd4 29.
Rg5+ Kf8 30. Re4 Rxc4 31. Kh2 Kf7 32. Rd5 Rc2 33. Rdxd4 Rxa2 34. Ra4 Rb2 35. Rxa7+ Kf6 36. Rxh7 Kf5 37. Re8 Kg5 38. Rg8+ Kf6 39. Rxh5 Kf7 40.
Rg3 Rxf2 41. Rf3+ Kg6 42. Rxf2 Kxh5 43. g4+ Kh4 44. Kg2 Kg5 45. Kg3 Kg6 46. h4 Kh6 47. Rf5 Kg6 48. Ra5 Kg7 49. h5 Kh6 50. g5+ Kg7 51. Ra8 Kh7 52. Ra7+ Kh8 53. h6 Kg8 54. g6 Kh8 55. Ra8# 1-0

[Event "*** Titled Tuesday Blitz"]
[Site "Chess.com"]
[Date "2020.10.20"]
[Round "4"]
[White "korbul"]
[Black "Aleksey_Sorokin"]
[Result "0-1"]
[WhiteElo "2534"]
[BlackElo "2846"]
[TimeControl "180+1"]
[EndTime "10:42:06 PDT"]
[Termination "Aleksey_Sorokin won by resignation"]

1. e4 c6 2. d4 d5 3. e5 Bf5 4. Nf3 e6 5. Be2 Ne7 6. Be3 Bg4 7. Nbd2 c5 8. h3 Bxf3 9. Nxf3 Nf5 10. Bg5 Qb6 11.
dxc5 Bxc5 12. O-O Ng3 13. a4 Nxf1 14. Qxf1 Nc6 15. c3 a5 16. Bb5 O-O 17. Bh4 d4 18. Qd3 h6 19. Qe4 dxc3 20. bxc3 Be7 21. Bd3 g6 22. Bg3 Rad8 23. Bb5 Qc5 24. Rc1 Bg5 25.
Rc2 Rd1+ 26. Kh2 Rfd8 27. h4 Be7 28. h5 Qd5 29. Qg4 g5 30. Bc4 Qc5 31. Bxe6 fxe6 32.
Qxe6+ Kf8 33. Qxh6+ Ke8 34. e6 Qf5 35. Rb2 Bf8 36.
Qh8 Qxe6 37. Nxg5 Qf5 38. Re2+ Kd7 39. Ne6 Re8 40. Qg8 Be7 41. Nc5+ Qxc5 42. Qg6 Qd5 43.
Qg4+ Kd8 44. h6 Qf7 45. Qe4 Qh5+ 46. Bh4 Qxh4+ 47. Qxh4 Bxh4 48. Rxe8+ Kxe8 49. h7 Bf6 50. g4 Bh8 51. f4 Rc1 52. g5 Rxc3 53. f5 Kf7 54.
g6+ Kg7 55. Kg2 Ne7 0-1

[Event "*** Titled Tuesday Blitz"]
[Site "Chess.com"]
[Date "2020.10.20"]
[Round "4"]
[White "Morshynska"]
[Black "TurboSteen"]
[Result "1/2-1/2"]
[WhiteElo "2245"]
[BlackElo "2038"]
[TimeControl "180+1"]
[EndTime "10:42:06 PDT"]
[Termination "Game drawn - insufficient material"]

1. Nf3 c5 2. g3 Nc6 3. Bg2 e5 4. d3 g6 5. O-O Bg7 6. e4 Nge7 7. Nc3 d6 8. Be3 O-O 9. Qd2 f5 10. Bh6 f4 11. Bxg7 Kxg7 12. Ne2 Bg4 13. gxf4 exf4 14. Nxf4 Qd7 15. Ne1 Nd4 16. c3 Rxf4 17.
cxd4 Raf8 18. dxc5 dxc5 19. Qc3+ Qd4 20. Qxd4+ cxd4 21.
f3 Be6 22. Rf2 Nc6 23. Rc2 R8f7 24. a3 g5 25. b4 h5 26. Rc5 Kg6 27. Rac1 g4 28.
fxg4 hxg4 29. Nc2 Rf2 30. b5 Na5 31. Nxd4 Rd2 32. Nxe6 Rff2 33. Bf1 Nb3 34. Nd8 Nxc1 35. Rxc1 Rxh2 36. Nxb7 g3 37. Nd6 g2 38. Be2 Rh1+ 39.
Kxg2 Rxc1 40. Kf3 Rc3 41. Ke3 Rb2 42. a4 Ra2 43. Bg4 Rxa4 44. Be6 Raa3 45. Bc4 Kf6 46.
Kd4 Ke7 47. e5 Rc1 48. Ne4 Rb1 49. e6 Rb4 50. Nc3 a6 51. Nd5+ Kd6 52. Nxb4 axb5 53. Bxb5 Kxe6 54. Kc4 Kd6 55. d4 Ra1 56. d5 Rd1 57.
Nd3 Rxd3 58. Kxd3 Kxd5 1/2-1/2